Map: Omicron

Players

Fropez

  • Race: Protoss Protoss
  • League: Silver
  • Spawn Location: 7:00

Obi

  • Race: Terran Terran
  • Spawn Location: 9:00

RonHrdPrbtr

  • Race: Zerg Zerg
  • League: Bronze
  • Spawn Location: 3:00

IsAs

  • Race: Protoss Protoss
  • League: Gold
  • Spawn Location: 1:00

VOD

Have the link to the VOD?

Description

Time

  • Played on: May 25, 2016, 10:42 a.m.
  • Length: 15:59
Show
View Real Time Build Order
Export as new Build Order

Fropez Protoss 

Build Orders:  

Get SALT Encoding   

  12  0:02  Probe (Chrono Boost)  
  13  0:19  Pylon  
  14  0:21  Probe (Chrono Boost)  
  14  0:32  Probe (Chrono Boost)  
  15  0:38  Gateway  
  15  0:42  Probe (Chrono Boost)  
  16  0:53  Probe (Chrono Boost)  
  16  0:54  Pylon  
  17  0:59  Assimilator  
  17  1:04  Probe (Chrono Boost)  
  18  1:15  Probe (Chrono Boost), Gateway  
  19  1:25  Cybernetics Core  
  19  1:27  Probe (Chrono Boost)  
  20  1:37  Probe (Chrono Boost), Assimilator  
  21  1:48  Probe (Chrono Boost)  
  22  1:59  Probe (Chrono Boost)  
  23  2:02  Pylon, Stalker  
  23  2:05  Stalker  
  27  2:09  Warp Gate (Chrono Boost)  
  27  2:12  Probe (Chrono Boost)  
  28  2:23  Probe (Chrono Boost)  
  29  2:32  Stalker  
  29  2:34  Probe (Chrono Boost)  
  29  2:35  Stalker  
  34  2:45  Probe (Chrono Boost)  
  35  2:56  Mothership Core  
  37  3:02  Stalker  
  39  3:14  Pylon  
  39  3:19  Pylon  
  39  3:32  Probe, Stalker  
  42  3:44  Probe  
  43  3:56  Probe  
  44  4:08  Probe  
  45  4:20  Probe (Chrono Boost)  
  46  4:29  Nexus  
  46  4:31  Assimilator  
  46  4:35  Probe (Chrono Boost), Assimilator  
  46  4:38  Pylon  
  47  4:40  Pylon  
  47  4:48  Stalker x2  
  47  4:49  Probe (Chrono Boost)  
  52  4:53  Forge  
  52  5:00  Probe (Chrono Boost)  
  53  5:10  Probe (Chrono Boost)  
  54  5:18  Protoss Ground Weapons Level 1 (Chrono Boost)  
  54  5:21  Probe (Chrono Boost)  
  55  5:25  Twilight Council, Pylon  
  54  5:40  Probe  
  54  5:41  Probe  
  56  5:43  Stalker x2  
  60  5:50  Gateway  
  60  5:53  Probe  
  60  5:54  Gateway  
  60  5:55  Probe  
  62  5:58  Photon Cannon  
  62  6:02  Blink (Chrono Boost)  
  43  6:41  Probe x2  
  44  6:57  Robotics Facility  
  44  6:58  Pylon, Probe  
  44  7:16  Probe, Photon Cannon, Protoss Ground Weapons Level 2  
  44  7:24  Pylon  
  44  7:29  Probe  
  45  7:32  Photon Cannon  
  44  7:45  Observer (Chrono Boost)  
  44  7:51  Probe  
  46  8:03  Probe  
  47  8:20  Pylon  
  47  8:44  Nexus  
  39  9:20  Stalker x2  
  39  9:24  Immortal (Chrono Boost)  
  47  9:32  Probe  
  47  9:34  Gateway  
  47  10:22  Stalker  
  47  10:26  Stalker  
  51  11:01  Probe  
  52  11:13  Probe  
  53  11:26  Nexus  
  53  11:29  Pylon  
  53  11:31  Pylon  
  53  11:34  Probe  
  53  11:35  Assimilator  
  54  11:40  Assimilator  
  54  11:41  Pylon  
  54  11:45  Observer (Chrono Boost)  
  54  11:46  Probe  
  56  11:51  Stalker  
  56  11:54  Stalker  
  60  11:58  Probe  
  61  12:10  Probe  
  62  12:35  Probe  
  63  12:47  Probe x2  
  65  13:00  Stalker  
  57  13:56  Stalker x3  
  26  14:45  Probe  
  27  14:57  Probe  
Show
View Real Time Build Order
Export as new Build Order

Obi Terran 

Build Orders:  

Get SALT Encoding   

  12  0:01  SCV  
  13  0:15  SCV  
  14  0:23  Supply Depot  
  14  0:28  SCV  
  15  0:45  SCV  
  15  0:47  Barracks  
  16  0:53  Barracks  
  17  0:57  SCV  
  17  1:02  Refinery  
  17  1:09  SCV  
  18  1:21  SCV  
  19  1:30  Supply Depot  
  19  1:34  SCV  
  19  1:38  Refinery  
  20  1:41  Marine  
  21  1:49  SCV, Engineering Bay  
  22  1:55  Marine  
  22  1:59  Marine  
  25  2:01  SCV  
  25  2:10  Bunker  
  25  2:19  Sensor Tower  
  25  2:23  Barracks Tech Lab  
  25  2:26  Barracks Reactor  
  25  2:49  Marine  
  26  2:59  SCV  
  26  3:00  Factory  
  27  3:06  Marine  
  27  3:07  Marine x2  
  27  3:12  SCV  
  31  3:26  Supply Depot  
  31  3:36  Supply Depot  
  31  3:48  Marine x3, SCV  
  35  3:49  Factory Tech Lab  
  35  4:00  SCV  
  36  4:06  Marine x3  
  39  4:12  SCV  
  40  4:23  Marine x3, Missile Turret  
  43  4:25  Orbital Command  
  43  4:34  Terran Infantry Weapons Level 1  
  43  4:41  Marine x2  
  43  4:42  Marauder  
  47  5:01  Command Center  
  47  5:16  Supply Depot  
  47  5:37  Marine x3  
  50  5:51  Siege Tank  
  50  5:52  Starport  
  50  5:55  Marine x2  
  55  6:12  Marine  
  45  6:30  Marine  
  43  6:45  Starport Tech Lab  
  43  6:48  Marine  
  44  6:57  Missile Turret  
  44  7:00  Marine x2  
  46  7:06  Marine  
  46  7:07  Missile Turret  
  47  7:08  SCV  
  48  7:15  SCV  
  48  7:17  Marine  
  48  7:18  Marine  
  48  7:21  SCV  
  52  7:24  Raven  
  52  7:28  SCV  
  55  7:32  Missile Turret  
  55  7:33  SCV  
  55  7:35  Marine x2  
  58  7:40  SCV  
  58  7:42  Siege Tank  
  62  7:45  SCV  
  63  7:52  SCV  
  63  7:53  Marine x2  
  63  7:57  SCV  
  63  8:23  Refinery  
  63  8:43  Marine  
  63  8:45  Marine x2  
  66  8:48  Banshee  
  69  9:01  Marine  
  70  9:05  Marine x2  
  57  9:19  Marine  
  57  9:22  Marine  
  57  9:23  Marine  
  60  9:25  Fusion Core  
  60  9:33  Missile Turret  
  60  9:37  Marine  
  60  9:38  Siege Tank  
  64  9:40  Marine  
  64  9:41  Marine  
  66  9:58  Marine  
  67  10:11  Marine  
  68  10:16  Marine  
  69  10:29  Marine  
  69  10:33  Supply Depot  
  70  10:55  Raven  
  72  10:57  Supply Depot  
  72  10:59  Supply Depot  
  72  11:21  Supply Depot  
  71  11:41  Battlecruiser  
  77  11:47  Marine x2  
  77  11:51  Starport  
  77  11:53  Supply Depot  
  79  11:58  SCV  
  79  11:59  Refinery  
  80  12:05  Marine x2  
  78  12:10  SCV  
  71  12:16  Supply Depot  
  71  12:22  SCV  
  68  12:23  Marine  
  69  12:34  SCV  
  70  12:46  SCV  
  70  12:51  Starport  
  71  12:52  Starport Tech Lab  
  71  12:54  Battlecruiser  
  77  12:59  Command Center  
  77  13:02  Starport  
  77  13:16  Battlecruiser  
  77  13:35  Marine  
  77  13:38  Marine, Reaper  
  70  13:53  Marine  
  71  13:56  Marine  
  71  13:57  SCV  
  73  14:08  Starport Reactor  
  73  14:09  Marine, SCV  
  74  14:11  Marine, Viking  
  74  14:13  Marine  
  79  14:20  Viking  
  79  14:21  SCV  
  79  14:27  Marine  
  79  14:29  Marine  
  81  14:31  Marine  
  81  14:33  SCV  
  83  14:41  Viking  
  83  14:44  Viking x2  
  83  14:45  Marine, SCV  
  90  14:47  Marine  
  90  14:49  Marine  
  90  14:50  Viking  
  95  14:58  SCV  
  95  14:59  SCV  
  97  15:11  SCV, Viking  
  100  15:14  Viking x2  
  100  15:20  Viking  
Show
View Real Time Build Order
Export as new Build Order

RonHrdPrbtr Zerg 

Build Orders: Pool First 

Get SALT Encoding   

  12  0:06  Drone  
  13  0:08  Drone  
  14  0:31  Spawning Pool  
  14  0:33  Overlord  
  13  0:37  Drone  
  14  0:48  Extractor, Drone  
  14  0:51  Extractor  
  14  0:52  Drone  
  16  1:10  Drone x2  
  18  1:19  Queen  
  20  1:28  Extractor  
  19  1:33  Hatchery  
  18  1:40  Drone x3  
  21  1:53  Drone  
  22  2:16  Extractor  
  22  2:17  Overlord  
  22  2:20  Overlord  
  21  2:37  Metabolic Boost  
  21  2:41  Drone x3  
  21  2:42  Drone  
  25  2:47  Drone  
  25  2:48  Queen  
  28  3:04  Drone  
  29  3:12  Zergling x2  
  30  3:13  Zergling x8  
  34  3:33  Evolution Chamber x2  
  32  3:34  Lair  
  32  3:39  Zergling x2  
  32  3:40  Zergling x8  
  37  4:07  Zerg Melee Weapons Level 1  
  37  4:08  Zerg Ground Armor Level 1  
  37  4:28  Roach Warren  
  37  4:29  Zergling x2  
  37  4:30  Zergling x10  
  42  4:45  Hydralisk Den  
  41  5:11  Hatchery  
  40  5:15  Spire  
  39  5:44  Hydralisk x2  
  39  5:47  Overlord x2  
  44  5:57  Drone  
  44  6:05  Overlord x2  
  44  6:43  Drone x5  
  44  6:46  Drone x2  
  51  7:07  Mutalisk x4  
  51  7:08  Mutalisk x2  
  63  7:17  Baneling Nest  
  62  7:23  Zerg Missile Weapons Level 1  
  62  7:26  Extractor  
  62  7:27  Drone x4  
  62  7:28  Extractor  
  64  7:31  Drone x3  
  67  7:38  Queen  
  69  7:51  Drone  
  70  7:55  Hydralisk  
  70  7:56  Hydralisk x2  
  76  8:00  Roach x2  
  80  8:51  Mutalisk  
  80  8:54  Overlord x3  
  80  8:55  Overlord  
  73  9:48  Mutalisk x2  
  73  9:49  Mutalisk x9  
  95  10:00  Extractor  
  95  10:01  Extractor  
  91  10:37  Drone x2  
  91  10:38  Drone  
  91  10:42  Mutalisk x2  
  96  10:43  Mutalisk x4  
  104  11:00  Zergling x8  
  104  11:01  Zergling x4  
  110  11:35  Mutalisk  
  110  11:38  Overlord x4  
  104  12:30  Mutalisk x3  
  104  12:31  Mutalisk x11  
  132  12:59  Hydralisk x6  
  126  14:32  Lurker Den  
  126  14:51  Ravager  
  126  14:52  Ravager  
  128  14:57  Roach x8  
  144  15:14  Overlord x5  
  144  15:26  Ravager  
Show
View Real Time Build Order
Export as new Build Order

IsAs Protoss 

Build Orders: Dark Templar Rush 

Get SALT Encoding   

  12  0:08  Probe (Chrono Boost)  
  13  0:19  Probe (Chrono Boost)  
  14  0:26  Pylon  
  14  0:30  Probe (Chrono Boost)  
  15  0:44  Probe (Chrono Boost)  
  15  0:47  Forge  
  16  0:52  Gateway  
  16  0:56  Probe (Chrono Boost)  
  17  1:06  Probe (Chrono Boost)  
  18  1:14  Assimilator  
  18  1:22  Probe (Chrono Boost)  
  19  1:30  Assimilator  
  20  1:33  Probe (Chrono Boost)  
  20  1:44  Pylon  
  20  1:48  Probe (Chrono Boost)  
  21  1:58  Photon Cannon  
  21  1:59  Probe (Chrono Boost)  
  22  2:01  Pylon  
  22  2:06  Cybernetics Core  
  22  2:09  Probe (Chrono Boost)  
  22  2:15  Gateway  
  23  2:24  Photon Cannon  
  23  2:36  Pylon  
  23  2:43  Warp Gate (Chrono Boost)  
  23  2:59  Pylon  
  23  3:05  Twilight Council  
  23  3:10  Gateway  
  23  3:18  Gateway  
  23  3:36  Photon Cannon  
  23  3:45  Robotics Facility  
  23  3:50  Dark Shrine  
  23  4:10  Photon Cannon  
  23  4:18  Pylon  
  23  4:33  Warp Prism  
  25  5:10  Dark Templar x4  
  33  5:14  Pylon  
  33  5:39  Gateway  
  33  6:20  Pylon  
  33  7:05  Nexus  
  33  7:17  Photon Cannon  
  33  7:22  Photon Cannon  
  33  7:25  Photon Cannon  
  33  7:28  Pylon  
  33  7:34  Pylon  
  33  7:42  Dark Templar x2  
  33  7:43  Dark Templar x3  
  25  8:32  Dark Templar  
  25  8:33  Dark Templar x2  
  31  8:41  Probe  
  32  8:52  Probe  
  33  9:02  Probe  
  32  9:13  Probe  
  33  9:23  Probe  
Tags
 
Add a new tag
Caveats
  • Supply blocks, unpowered buildings, or Contaminate may cause inaccurate times.
  • Supply counts are checked every 10 seconds.